Cogmind - Beta 13 @@@ ROGUE MODE // 2024.04.04 @ 23:06:08 Player: ivanmixo Result: Self-destructed Performance ------------- Evolutions (1) 500 Regions Visited (4) 800 Robots Destroyed (40) 200 Value Destroyed (1123) 1123 Prototype IDs (1) 20 Alien Tech Used (0) 0 Bonus (24) 24 TOTAL SCORE: 2667 Bonus ------- High Alert Combat Kills 24 Cogmind --------- Core Integrity 273/400 Matter 290/300 Energy 90/125 System Corruption 4% Temperature Cool (0) Movement Rolling (130) Ox2 Location -9/Storage Parts ------- > --- POWER (1) -------- Light Ion Engine > --- PROPULSION (2) --- Compact Wheel Compact Wheel > --- UTILITY (4) ------ Disposable Heat Sink Huge Storage Unit Visual Processing Unit > --- WEAPON (2) ------- Assault Rifle Heavy Hammer > --- INVENTORY (25) --- Light Ion Engine Wheel Splice Drone Bay (6/6) Assault Rifle Light Assault Rifle Light Assault Rifle Hammer Peak State ------------ > --- POWER ------------ Ion Engine > --- PROPULSION ------- Compact Wheel Compact Wheel > --- UTILITY ---------- Huge Storage Unit Splice Drone Bay > --- WEAPON ----------- Autogun Grenade Launcher > --- INVENTORY -------- Light Ion Engine Wheel Disposable Heat Sink Assault Rifle Assault Rifle Light Assault Rifle Autogun Hammer [Rating: 15] Favorites ----------- Power Ion Engine Engine Ion Engine Propulsion Compact Wheel Treads Light Treads Wheel Compact Wheel Utility Huge Storage Unit Device Disposable Heat Sink Storage Huge Storage Unit Processor Visual Processing Unit Protection Light Armor Plating Weapon Autogun Energy Cannon Particle Cannon Ballistic Gun Autogun Launcher Grenade Launcher Impact Weapon Heavy Hammer Build | -11 -10 -10 -9 -9 ------- Run | Yrd Mat Min Mat Sto Slots Evolved 2 | . . . 2 . Power . | . . . . . Propulsion . | . . . . . Utility 2 | . . . 2 . Weapon . | . . . . . Parts Attached 31 | 7 9 2 3 10 Power 3 | 1 1 . . 1 Engine 3 | 1 1 . . 1 Core . | . . . . . Reactor . | . . . . . Propulsion 4 | 2 2 . . . Treads 2 | 2 . . . . Leg . | . . . . . Wheel 2 | . 2 . . . Hover . | . . . . . Flight . | . . . . . Utility 9 | 1 3 2 2 1 Device 4 | . 1 2 1 . Storage 3 | 1 2 . . . Processor 1 | . . . 1 . Hackware . | . . . . . Protection 1 | . . . . 1 Artifact . | . . . . . Weapon 15 | 3 3 . 1 8 Energy Gun . | . . . . . Energy Cannon 1 | . . . . 1 Ballistic Gun 10 | 3 2 . 1 4 Ballistic Cannon . | . . . . . Launcher 1 | . 1 . . . Special Weapon . | . . . . . Impact Weapon 3 | . . . . 3 Slashing Weapon . | . . . . . Piercing Weapon . | . . . . . Special Melee Weapon . | . . . . . Unidentified Prototypes 1 | . . 1 . . Parts Lost 6 | . 1 . 1 4 Power 2 | . 1 . . 1 Propulsion . | . . . . . Utility 1 | . . . . 1 Weapon 3 | . . . 1 2 Highest Loss Streak 2 | . 1 . 1 2 To Critical Strikes 1 | . . . . 1 Average Slot Usage (%) 93 | . 96 100 91 85 Engine 10 | . 13 14 11 1 Treads 10 | . 25 . . . Wheel 13 | . 1 28 22 22 Device 14 | . 12 14 18 13 Storage 12 | . 14 14 11 11 Processor 3 | . . . 6 11 Ballistic Gun 18 | . 27 14 10 13 Launcher 5 | . . 14 11 . Naked Turns . | . . . . . Heaviest Build 100 | 12 92 92 100 100 Greatest Support 40 | 40 40 32 32 32 Greatest Overweight (x) 30 | 2 30 2 3 3 Average Overweight (x) 2 | . 1 2 2 2 Largest Inventory Capacity 25 | 8 25 25 25 25 Average Capacity 23 | 7 23 25 25 25 Most Carried 11 | 2 7 8 11 11 Average Carried 7 | 1 4 7 10 9 Final Capacity 25 | 8 25 25 25 25 Final Carried 11 | 2 7 8 11 7 Class Distribution -------------------- 95% | Mutant 4% | Commander-Mutant Dominant Class ---------------- Mutant | -10/Materials Mutant | -10/Mines Mutant | -9/Materials Mutant | -9/Storage Resources | -11 -10 -10 -9 -9 ----------- Run | Yrd Mat Min Mat Sto Matter Collected 1108 | 209 516 . 205 178 Remotely . | . . . . . Salvage Created 1156 | . 493 . 193 470 Parts 67 | . 32 . 12 23 Haulers Intercepted . | . . . . . Recyclers Shooed . | . . . . . Parts Field Recycled . | . . . . . Retrieved Matter . | . . . . . Parts Self-Destructed . | . . . . . Prevented . | . . . . . Kills | -11 -10 -10 -9 -9 ------- Run | Yrd Mat Min Mat Sto Combat Hostiles Destroyed 34 | . 12 . 7 15 Melee 4 | . . . . 4 Guns 19 | . 12 . . 7 Cannons 2 | . . . . 2 AOE 7 | . . . 7 . Classes Destroyed 6 | . 4 . 2 . Worker 1 | . 1 . . . Builder 3 | . . . 3 . Watcher 2 | . 2 . . . Swarmer 9 | . 3 . . 6 Grunt 22 | . 9 . 6 7 Sentry 3 | . . . 1 2 Best Kill Streak 5 | . 5 . 5 4 Combat Bots Only 4 | . 3 . 3 4 Max Kills in Single Turn 2 | . 2 . 2 1 Gunslinging 1 | . 1 . . . Exploded 1 | . . . 1 . Melee 1 | . . . . 1 Uniques/NPCs Destroyed . | . . . . . Combat | -11 -10 -10 -9 -9 -------- Run | Yrd Mat Min Mat Sto Hostile Shots Fired 157 | . 72 . 18 67 Missed 50 | . 28 . 7 15 Damage Taken 1238 | . 522 . 149 567 Core 174 | . 47 . 30 97 Absorbed by Shields . | . . . . . Core Remaining (%) 90 | 100 . 81 . . Volleys Fired 95 | . 47 . 16 32 Largest 2 | . 2 . 1 2 Hottest 91 | . 46 . 30 91 Shots Fired 162 | . 94 . 16 52 Gun 130 | . 94 . . 36 Cannon 14 | . . . . 14 Launcher 18 | . . . 16 2 Special . | . . . . . Kinetic 130 | . 94 . . 36 Thermal 14 | . . . . 14 Explosive 18 | . . . 16 2 Electromagnetic . | . . . . . Robot Hit Streak 9 | . 9 . 4 5 Robot Miss Streak 7 | . 7 . . 3 Penetration Max . | . . . . . Secondary Targets 4 | . 4 . . . Max Gunslinging Chain 1 | . 1 . . . Shots Hit Robots 94 | . 53 . 4 37 Core Hits 56 | . 22 . 18 16 Critical Kills 1 | . . . . 1 Critical Parts Destroyed 1 | . . . . 1 Critical Strikes 2 | . . . . 2 Smash 2 | . . . . 2 Melee Attacks 11 | . . . . 11 Impact 11 | . . . . 11 Slashing . | . . . . . Piercing . | . . . . . Sneak Attacks . | . . . . . Combat Hostiles . | . . . . . Follow-up Attacks . | . . . . . Damage Inflicted 2416 | . 812 . 756 848 Guns 1065 | . 802 . . 263 Cannons 124 | . . . . 124 Explosions 776 | . . . 756 20 Melee 441 | . . . . 441 Ramming 10 | . 10 . . . Kinetic 1065 | . 802 . . 263 Thermal 124 | . . . . 124 Explosive 776 | . . . 756 20 Electromagnetic . | . . . . . Impact 441 | . . . . 441 Slashing . | . . . . . Piercing . | . . . . . Highest Corruption 4 | . . . . 4 Average Corruption 3 | . . . . 3 Corruption Purged . | . . . . . Corruption Blocked . | . . . . . Overload Shots . | . . . . . Overflow Damage 53 | . . . 1 52 Projectiles . | . . . . . Explosions 1 | . . . 1 . Melee 52 | . . . . 52 Knockbacks . | . . . . . Impact . | . . . . . Kinetic . | . . . . . Secondary . | . . . . . Self-Inflicted Damage 27 | . 5 . . 22 Shots 1 | . . . . 1 Rammed 1 | . 1 . . . Targets Rammed 1 | . 1 . . . Kicked . | . . . . . Crushed . | . . . . . Highest Temperature 149 | . 112 . 19 149 Average Temperature 45 | . 33 . 5 80 Received Heat Transfer 531 | . 261 . 87 183 Siege Activations . | . . . . . Robots Corrupted . | . . . . . Combat Hostiles . | . . . . . Parts Fried . | . . . . . Impact Corruptions 3 | . . . . 3 Robots Melted . | . . . . . Combat Hostiles . | . . . . . Parts Melted 1 | . . . . 1 Heat Transferred 222 | . . . . 222 Parts Sabotaged . | . . . . . Parts Stolen . | . . . . . Parts Stripped . | . . . . . Power Chain Reactions . | . . . . . Alert | -11 -10 -10 -9 -9 ------- Run | Yrd Mat Min Mat Sto Peak Influence 443 | . 202 9 159 443 Initial 35 | . . 9 3 35 Average 102 | . 78 9 92 240 Maximum Alert Level 2 | . 1 . 1 2 Low Security (%) 90 | 100 97 100 99 52 Level 1 6 | . 2 . . 27 Level 2 3 | . . . . 20 Level 3 . | . . . . . Level 4 . | . . . . . Level 5 . | . . . . . High Security . | . . . . . Max Security . | . . . . . Squads Dispatched 11 | . 2 . 4 5 Investigation 4 | . 1 . 1 2 Extermination . | . . . . . Reinforcement 4 | . 1 . 3 . Assault . | . . . . . Garrison 3 | . . . . 3 Intercept . | . . . . . Searches Triggered . | . . . . . Construction Impeded . | . . . . . Haulers Reinforced . | . . . . . Active Scanning Responses . | . . . . . Cargo Convoy Interrupts . | . . . . . Stealth | -11 -10 -10 -9 -9 --------- Run | Yrd Mat Min Mat Sto Distress Signals 3 | . 2 . 1 . Communications Jammed . | . . . . . Distress Signals . | . . . . . Times Spotted 41 | . 19 . 7 15 Peak Tracking Total 5 | . 5 . 3 4 Tactical Retreats 1 | . 1 . . . Traps | -11 -10 -10 -9 -9 ------- Run | Yrd Mat Min Mat Sto Traps Triggered 4 | . 1 . . 3 Indirectly . | . . . . . Trap Hack Attempts . | . . . . . Triggered . | . . . . . Disarmed . | . . . . . Reprogrammed . | . . . . . Reused . | . . . . . Traps Extracted . | . . . . . Installed . | . . . . . Triggered . | . . . . . Machines | -11 -10 -10 -9 -9 ---------- Run | Yrd Mat Min Mat Sto Machines Disabled 5 | . 1 . 2 2 Max in Single Turn 2 | . 1 . 1 2 Machines Repaired . | . . . . . Machines Dismantled . | . . . . . Machines Sabotaged . | . . . . . Overloaded Fab Kills . | . . . . . Hacking | -11 -10 -10 -9 -9 --------- Run | Yrd Mat Min Mat Sto Machines Accessed 11 | . 3 1 3 4 Terminals 10 | . 3 . 3 4 Fabricators . | . . . . . Repair Stations . | . . . . . Recycling Units . | . . . . . Scanalyzers . | . . . . . Garrison Access . | . . . . . Total Hacks 24 | . 4 1 10 9 Successful 7 | . 2 1 3 1 Failed 17 | . 2 . 7 8 Catastrophic 4 | . 1 . 2 1 Database Lockouts . | . . . . . Manual 19 | . 4 . 10 5 Terminals 23 | . 4 . 10 9 Fabricators . | . . . . . Repair Stations . | . . . . . Recycling Units . | . . . . . Scanalyzers . | . . . . . Garrison Access . | . . . . . Terminal Hacks 7 | . 2 1 3 1 Open Door 2 | . . 1 . 1 Alert Level 2 | . 1 . 1 . Recall Reinforcements 1 | . . . 1 . Zone Layout 2 | . 1 . 1 . Fabricator Hacks . | . . . . . Repair Station Hacks . | . . . . . Recycling Unit Hacks . | . . . . . Scanalyzer . | . . . . . Garrison Access Hacks . | . . . . . Unauthorized Hacks . | . . . . . Terminals . | . . . . . Fabricators . | . . . . . Repair Stations . | . . . . . Recycling Units . | . . . . . Scanalyzers . | . . . . . Garrison Access . | . . . . . Data Cores Recovered . | . . . . . Used . | . . . . . Hacking Detections 9 | . 3 . 3 3 Full Trace Events 4 | . . . 2 2 Feedback Events . | . . . . . Feedback Blocked . | . . . . . Robot Schematics Acquired . | . . . . . Robots Built . | . . . . . Authchips . | . . . . . Time . | . . . . . Total Robot Build Rating . | . . . . . Part Schematics Acquired . | . . . . . Parts Built . | . . . . . Authchips . | . . . . . Time . | . . . . . Total Part Build Rating . | . . . . . Parts Repaired . | . . . . . Time . | . . . . . Parts Recycled . | . . . . . Recycled Matter . | . . . . . Retrieved Matter . | . . . . . Retrieved Components . | . . . . . Parts Scanalyzed . | . . . . . Part Schematics Acquired . | . . . . . Parts Damaged . | . . . . . Bothacking | -11 -10 -10 -9 -9 ------------ Run | Yrd Mat Min Mat Sto Used RIF Installer . | . . . . . Robots Hacked . | . . . . . Non-combat . | . . . . . Combat . | . . . . . Robot Hacks Applied . | . . . . . Relay Couplers Released . | . . . . . Fabnet Peak Effective % . | . . . . . Robots Rewired . | . . . . . Allies Hacked . | . . . . . Hacks Repelled . | . . . . . Allies | -11 -10 -10 -9 -9 -------- Run | Yrd Mat Min Mat Sto Total Allies 10 | . . . . 10 Largest Group 10 | . . . . 10 Highest-Rated Group 88 | . . . . 88 Highest-Rated Ally 16 | . . . . 16 Total Orders . | . . . . . Ally Attacks . | . . . . . Total Damage . | . . . . . Kills . | . . . . . Allies Corrupted . | . . . . . Allies Melted . | . . . . . Intel | -11 -10 -10 -9 -9 ------- Run | Yrd Mat Min Mat Sto Robot Analysis Total . | . . . . . Derelict Logs Recovered 1 | . . 1 . . Drone Launches . | . . . . . Drone Recoveries . | . . . . . Exploration | -11 -10 -10 -9 -9 ------------- Run | Yrd Mat Min Mat Sto Turns Passed 2087 | 64 873 173 612 365 Spaces Moved 997 | 35 256 131 408 167 Core 8 | 6 2 . . . Treads 244 | 29 215 . . . Legs . | . . . . . Wheels 745 | . 39 131 408 167 Hover . | . . . . . Flight . | . . . . . Fastest Speed 50 | 50 130 130 130 130 Average Speed 173 | 154 280 130 139 131 Slowest Speed 1550 | 160 1550 130 145 145 Overloaded Moves . | . . . . . Propulsion Burnouts . | . . . . . Robots Hopped . | . . . . . Cave-ins Triggered . | . . . . . Exploration Rate (%) 33 | 5 45 40 46 31 Regions Visited 4 Branch Regions 2 Pre-discovered Areas . | . . . . . Known Exits Taken . | . . . . . Unknown Exits Taken 4 | 1 1 1 1 . Scrap Searched . | . . . . . Spaces Dug . | . . . . . Terrain Destroyed 68 | . . . 54 14 Melee . | . . . . . Projectile . | . . . . . AOE 68 | . . . 54 14 Terrain Rammed . | . . . . . Walls Destroyed . | . . . . . Machines Disabled . | . . . . . Actions | -11 -10 -10 -9 -9 --------- Run | Yrd Mat Min Mat Sto Total 1184 | 42 336 133 432 241 Wait 29 | . 10 . 1 18 Move 993 | 34 255 130 407 167 Hop . | . . . . . Pick Up 10 | 1 4 1 4 . Fast Attach 17 | 6 7 . 3 1 Attach 5 | . 1 . . 4 Detach 7 | . 6 . . 1 Swap 9 | 1 1 2 . 5 Drop 7 | . 4 . 1 2 Fire 95 | . 47 . 16 32 Melee 11 | . . . . 11 Ram 1 | . 1 . . . Kick . | . . . . . Crush . | . . . . . Escape Stasis . | . . . . . Rewire . | . . . . . Trap . | . . . . . Miscellaneous . | . . . . . Route ------- -11/Scrapyard -10/Materials (discovered 3 exits: *Mat / *Min x2) -10/Mines -9/Materials (discovered 3 exits: [*Mat] / [*Min] / *Sto) -9/Storage History --------- Turn | Location | Event 23 | -11/Scrapyard | Discovered new exit (range 15) 65 | -11/Scrapyard | Entered Materials 290 | -10/Materials | Discovered new exit (range 14) 303 | -10/Materials | Build established: Mutant 625 | -10/Materials | Discovered new exit (range 15) 818 | -10/Materials | Discovered new exit (range 14) 938 | -10/Materials | Entered Mines 1028 | -10/Mines | Learned Materials interactive machine intel 1033 | -10/Mines | Found the Drone Emporium 1037 | -10/Mines | Found Prototype Device 1043 | -10/Mines | Identified Splice Drone Bay 1098 | -10/Mines | Discovered new exit (range 10) 1105 | -10/Mines | Assembled infested the area 1110 | -10/Mines | Assisted by a Guerilla fighting off Assembled 1111 | -10/Mines | Entered Materials 1111 | -9/Materials | Evolved 2 slots: Utility x2 1112 | -9/Materials | Loaded intel: 18 interactive machine locations 1562 | -9/Materials | Discovered new exit (range 7) 1634 | -9/Materials | Discovered new exit (range 18) 1641 | -9/Materials | Discovered new exit (range 11) 1723 | -9/Materials | Entered Storage 1747 | -9/Storage | Garrison activated, responded to threat 2030 | -9/Storage | Assisted by bots powering up and referring to "LRC-V3" 2088 | -9/Storage | Self-destructed Last Messages --------------- 02030_ One of them suddenly speaks: "Hello LRC-V3. What is your command?" You have a new controllable ally. Review and give out orders from the Allies menu (F5). 02036_ K-01 Serf collects debris. 02066_ Connecting with Terminal... 02074_ Triggered Shock Trap. 02074_ The floor emits a surge of raw power. 02074_ System corrupted (+2). 02075_ Triggered Shock Trap. 02075_ The floor emits a surge of raw power. 02075_ System corrupted (+1). 02077_ Triggered Shock Trap. 02077_ The floor emits a surge of raw power. 02077_ System corrupted (+1). 02078_ Mercenary 2b triggered Shock Trap. 02078_ The floor emits a surge of raw power. 02078_ Mercenary 2a triggered Shock Trap. 02078_ The floor emits a surge of raw power. 02085_ U-05 Engineer lays Concrete. Map ----- +----------------------------------------------------+ | ????????????????????????????????????????? | | ????????????????????????????????????????? | | ????????????????????????????????????????? | | ????????????????????????????????????????? | | ????????????????????????????????????????? | | ????????????????????????????????????????? | | ????????????????????????????????????????? | | ????????????????????????????????????????? | | ????????????????????????????????????????? | | ????????????????????????????????????????? | | ????????????????????????????????????????? | | ????????????????????????????????????????? | | ????????????????????????????????????????? | | ??????###??????????????#????????????????? | | ????### #######??????? #????????????????? | | ????#%= #??????? #????????????????? | | #####*!![ #??????? #????????????????? | | [*%]+===% #??????? #????????????????? | | /####%""" """ #??????? #??####??????????? | | #?#*""" """ #??????? ???"""#??????????? | | T##%""" """ # ?????? ###"T"#####??????? | | ## # """"" ##[[! #??????? | | ## #?? ?#[!! ###????? | | #########+#########+#/###[! ""#????? | | ???# ggg#g Y"#????? | | ???# u gggg/@ ""#????? | | ???# g#g #??????? | | ???#########T######### ## ra #??????? | | ???????????###???????# ## #??????? | | ?????????????????????# ## #??????? | | ?????????????????????# #########+#??????? | | ?????????????????????# #????????????????? | | ?????????????????????#+#????????????????? | | ????????????????????????????????????????? | | ????????????????????????????????????????? | | ????????????????????????????????????????? | | ????????????????????????????????????????? | | ????????????????????????????????????????? | | ????????????????????????????????????????? | | ????????????????????????????????????????? | | ????????????????????????????????????????? | | ????????????????????????????????????????? | | ????????????????????????????????????????? | | ????????????????????????????????????????? | | ????????????????????????????????????????? | | ????????????????????????????????????????? | | ????????????????????????????????????????? | | ????????????????????????????????????????? | | ????????????????????????????????????????? | | ????????????????????????????????????????? | +----------------------------------------------------+ Best States ------------- Heat Dissipation 28 Coolant Potential 50 Energy Generation 10 Energy Capacity 250 Matter Stores 300 Matter Capacity 300 Sight Range 18 Terrain Scan Density 10 Armor Coverage 150 Evasion (%) 40 Recoil Reduction 2 Item Schematics ----------------- None Robot Schematics ------------------ None Fabricated ------------ Nothing Alien Tech Used ----------------- None Achievements -------------- None Challenges ------------ None Game ------ Seed DataEncryptedModule Manual? 0 Play Time 00:22:53 Cumulative 4.9 hours Start 2024.04.02 @ 22:23:39 End 2024.04.04 @ 23:06:08 Sessions 3 Manual Loads 0 Difficulty Rogue Special Mode None Game No. 8 Rogue 8 Adventurer 0 Explorer 0 Win Type - Total 0 Types 0/0/0/0/0/0/0/0/0 Lore% 1 Gallery% 10 Achievement% 8 Wizard Run 0 Options --------- Layout 1 ASCII 0 Keyboard 0 Movement Numpad Keybinds 0 Fullscreen 2 Font 24/Smallcaps Map View 50x35 Zoom Use 0% Tactical HUD 1 Map Filters NONE Filters NONE Steam 1 RUN: 0c93ceb5-63ed-4801-95b9-619307042388